cohdb
Replays
Latest Replays
All Replays
Popular Replays
Top Player Replays
Match Explorer
How It Works
Community
CoH3 Stats
Reddit
Sign in to upload your games and track your stats! →
Sign in with Steam
Match 46026876
Unlisted
Match 46026876
Overview
Messages
Build Orders
End
Vickers Machine Gun Team
Construct Section Command Post
Dingo Light Scout Car
Infantry Section
Selects Air and Sea Battlegroup
Infantry Section
Construct Platoon Command Post
Unlock M3 Stuart Light Tanks
M3 Stuart Light Tank
Selects Commando Section Paradrop
Selects M1 Pack Howitzer Paradrop
M1 Pack Howitzer Paradrop
CMP 15cwt Truck
Commando Section Paradrop
Construct Company Command Post
Selects Incendiary Bombing Run
Selects Supply Surplus
Selects UNKNOWN (223837)
Royal Engineer Section
CPU-Hard
踩踩背高手
warny0415
Abdülhamid Han
Speedbird
russli三十
1256496794
unreal_sev
0
0
Comments
sign in to comment!
No comments posted yet!